%YAML 1.1
%TAG !u! tag:unity3d.com,2011:
--- !u!1 &6957969103934663845
GameObject:
  m_ObjectHideFlags: 0
  m_CorrespondingSourceObject: {fileID: 0}
  m_PrefabInstance: {fileID: 0}
  m_PrefabAsset: {fileID: 0}
  serializedVersion: 6
  m_Component:
  - component: {fileID: 6957969103934663844}
  - component: {fileID: 6957969103934663847}
  - component: {fileID: 6957969103934663841}
  - component: {fileID: 6957969103934663846}
  m_Layer: 12
  m_Name: AOEFreeze
  m_TagString: Untagged
  m_Icon: {fileID: 0}
  m_NavMeshLayer: 0
  m_StaticEditorFlags: 0
  m_IsActive: 1
--- !u!4 &6957969103934663844
Transform:
  m_ObjectHideFlags: 0
  m_CorrespondingSourceObject: {fileID: 0}
  m_PrefabInstance: {fileID: 0}
  m_PrefabAsset: {fileID: 0}
  m_GameObject: {fileID: 6957969103934663845}
  m_LocalRotation: {x: 0, y: 0, z: 0, w: 1}
  m_LocalPosition: {x: 0, y: 0, z: 0}
  m_LocalScale: {x: 1, y: 1, z: 1}
  m_Children:
  - {fileID: 3480659636592557909}
  m_Father: {fileID: 0}
  m_RootOrder: 0
  m_LocalEulerAnglesHint: {x: 0, y: 0, z: 0}
--- !u!114 &6957969103934663847
MonoBehaviour:
  m_ObjectHideFlags: 0
  m_CorrespondingSourceObject: {fileID: 0}
  m_PrefabInstance: {fileID: 0}
  m_PrefabAsset: {fileID: 0}
  m_GameObject: {fileID: 6957969103934663845}
  m_Enabled: 1
  m_EditorHideFlags: 0
  m_Script: {fileID: 11500000, guid: 883e04ecd05bdbb4fb44fd96b2fb3e3d, type: 3}
  m_Name: 
  m_EditorClassIdentifier: 
  mPool: {fileID: 11400000, guid: bf4b6be20a14f2141a60bbbbebe5e94e, type: 2}
  mCharacter: {fileID: 0}
  mFreezeBody: {fileID: 6957969103934663846}
  mFreezeCollider: {fileID: 6957969103934663841}
  mAOERadius: 7
  mAOEHeight: 1.5
  mAOETime: 0.45
  mFreezeTime: 6.5
  mBoundaryParticle: {fileID: 8473319168994717595}
  mAOEOutlineEffect: {fileID: 3647385633168535597}
  mOutlineScale: 0.4167
  mBoundaryScale: 1.67
--- !u!136 &6957969103934663841
CapsuleCollider:
  m_ObjectHideFlags: 0
  m_CorrespondingSourceObject: {fileID: 0}
  m_PrefabInstance: {fileID: 0}
  m_PrefabAsset: {fileID: 0}
  m_GameObject: {fileID: 6957969103934663845}
  m_Material: {fileID: 0}
  m_IsTrigger: 1
  m_Enabled: 0
  m_Radius: 0
  m_Height: 0
  m_Direction: 1
  m_Center: {x: 0, y: 0, z: 0}
--- !u!54 &6957969103934663846
Rigidbody:
  m_ObjectHideFlags: 0
  m_CorrespondingSourceObject: {fileID: 0}
  m_PrefabInstance: {fileID: 0}
  m_PrefabAsset: {fileID: 0}
  m_GameObject: {fileID: 6957969103934663845}
  serializedVersion: 2
  m_Mass: 1
  m_Drag: Infinity
  m_AngularDrag: Infinity
  m_UseGravity: 0
  m_IsKinematic: 1
  m_Interpolate: 0
  m_Constraints: 126
  m_CollisionDetection: 0
--- !u!1001 &8443017023500271526
PrefabInstance:
  m_ObjectHideFlags: 0
  serializedVersion: 2
  m_Modification:
    m_TransformParent: {fileID: 6957969103934663844}
    m_Modifications:
    - target: {fileID: 53156834373996605, guid: 6007bc9a346bcb143ad7e39b1cc7fe2b,
        type: 3}
      propertyPath: playOnAwake
      value: 0
      objectReference: {fileID: 0}
    - target: {fileID: 53156834373996605, guid: 6007bc9a346bcb143ad7e39b1cc7fe2b,
        type: 3}
      propertyPath: InitialModule.startColor.maxColor.g
      value: 0.17890635
      objectReference: {fileID: 0}
    - target: {fileID: 53156834373996605, guid: 6007bc9a346bcb143ad7e39b1cc7fe2b,
        type: 3}
      propertyPath: InitialModule.startColor.maxColor.b
      value: 0
      objectReference: {fileID: 0}
    - target: {fileID: 53156834373996605, guid: 6007bc9a346bcb143ad7e39b1cc7fe2b,
        type: 3}
      propertyPath: InitialModule.startColor.maxColor.r
      value: 1
      objectReference: {fileID: 0}
    - target: {fileID: 53156834373996605, guid: 6007bc9a346bcb143ad7e39b1cc7fe2b,
        type: 3}
      propertyPath: ColorModule.gradient.maxGradient.key0.r
      value: 1
      objectReference: {fileID: 0}
    - target: {fileID: 53156834373996605, guid: 6007bc9a346bcb143ad7e39b1cc7fe2b,
        type: 3}
      propertyPath: ColorModule.gradient.maxGradient.key0.g
      value: 0
      objectReference: {fileID: 0}
    - target: {fileID: 53156834373996605, guid: 6007bc9a346bcb143ad7e39b1cc7fe2b,
        type: 3}
      propertyPath: ColorModule.gradient.maxGradient.key0.b
      value: 0.21758795
      objectReference: {fileID: 0}
    - target: {fileID: 53156834373996605, guid: 6007bc9a346bcb143ad7e39b1cc7fe2b,
        type: 3}
      propertyPath: VelocityModule.y.scalar
      value: -0.03
      objectReference: {fileID: 0}
    - target: {fileID: 53156834373996605, guid: 6007bc9a346bcb143ad7e39b1cc7fe2b,
        type: 3}
      propertyPath: useRigidbodyForVelocity
      value: 1
      objectReference: {fileID: 0}
    - target: {fileID: 53156834373996605, guid: 6007bc9a346bcb143ad7e39b1cc7fe2b,
        type: 3}
      propertyPath: ColorModule.gradient.minMaxState
      value: 3
      objectReference: {fileID: 0}
    - target: {fileID: 53156834373996605, guid: 6007bc9a346bcb143ad7e39b1cc7fe2b,
        type: 3}
      propertyPath: ColorModule.gradient.minGradient.ctime0
      value: 0
      objectReference: {fileID: 0}
    - target: {fileID: 53156834373996605, guid: 6007bc9a346bcb143ad7e39b1cc7fe2b,
        type: 3}
      propertyPath: ColorModule.gradient.minGradient.key0.r
      value: 1
      objectReference: {fileID: 0}
    - target: {fileID: 53156834373996605, guid: 6007bc9a346bcb143ad7e39b1cc7fe2b,
        type: 3}
      propertyPath: ColorModule.gradient.minGradient.key0.g
      value: 0
      objectReference: {fileID: 0}
    - target: {fileID: 53156834373996605, guid: 6007bc9a346bcb143ad7e39b1cc7fe2b,
        type: 3}
      propertyPath: ColorModule.gradient.minGradient.key0.b
      value: 0
      objectReference: {fileID: 0}
    - target: {fileID: 53156834373996605, guid: 6007bc9a346bcb143ad7e39b1cc7fe2b,
        type: 3}
      propertyPath: ColorModule.gradient.minGradient.atime0
      value: 4433
      objectReference: {fileID: 0}
    - target: {fileID: 53156834373996605, guid: 6007bc9a346bcb143ad7e39b1cc7fe2b,
        type: 3}
      propertyPath: ColorModule.gradient.minGradient.key2.a
      value: 1
      objectReference: {fileID: 0}
    - target: {fileID: 53156834373996605, guid: 6007bc9a346bcb143ad7e39b1cc7fe2b,
        type: 3}
      propertyPath: ColorModule.gradient.minGradient.atime1
      value: 13300
      objectReference: {fileID: 0}
    - target: {fileID: 53156834373996605, guid: 6007bc9a346bcb143ad7e39b1cc7fe2b,
        type: 3}
      propertyPath: ColorModule.gradient.minGradient.atime2
      value: 40670
      objectReference: {fileID: 0}
    - target: {fileID: 53156834373996605, guid: 6007bc9a346bcb143ad7e39b1cc7fe2b,
        type: 3}
      propertyPath: ColorModule.gradient.minGradient.m_NumAlphaKeys
      value: 4
      objectReference: {fileID: 0}
    - target: {fileID: 53156834373996605, guid: 6007bc9a346bcb143ad7e39b1cc7fe2b,
        type: 3}
      propertyPath: ColorModule.gradient.minGradient.key0.a
      value: 0
      objectReference: {fileID: 0}
    - target: {fileID: 53156834373996605, guid: 6007bc9a346bcb143ad7e39b1cc7fe2b,
        type: 3}
      propertyPath: ColorModule.gradient.minGradient.key1.r
      value: 0.9716981
      objectReference: {fileID: 0}
    - target: {fileID: 53156834373996605, guid: 6007bc9a346bcb143ad7e39b1cc7fe2b,
        type: 3}
      propertyPath: ColorModule.gradient.minGradient.key1.g
      value: 0.8521861
      objectReference: {fileID: 0}
    - target: {fileID: 53156834373996605, guid: 6007bc9a346bcb143ad7e39b1cc7fe2b,
        type: 3}
      propertyPath: ColorModule.gradient.minGradient.key1.b
      value: 0.47209862
      objectReference: {fileID: 0}
    - target: {fileID: 53156834373996605, guid: 6007bc9a346bcb143ad7e39b1cc7fe2b,
        type: 3}
      propertyPath: ColorModule.gradient.minGradient.ctime1
      value: 55127
      objectReference: {fileID: 0}
    - target: {fileID: 53156834373996605, guid: 6007bc9a346bcb143ad7e39b1cc7fe2b,
        type: 3}
      propertyPath: ColorModule.gradient.minGradient.atime3
      value: 56861
      objectReference: {fileID: 0}
    - target: {fileID: 53156834373996605, guid: 6007bc9a346bcb143ad7e39b1cc7fe2b,
        type: 3}
      propertyPath: InitialModule.startColor.minMaxState
      value: 2
      objectReference: {fileID: 0}
    - target: {fileID: 53156834373996605, guid: 6007bc9a346bcb143ad7e39b1cc7fe2b,
        type: 3}
      propertyPath: InitialModule.startLifetime.scalar
      value: 0.6
      objectReference: {fileID: 0}
    - target: {fileID: 53156834373996605, guid: 6007bc9a346bcb143ad7e39b1cc7fe2b,
        type: 3}
      propertyPath: InitialModule.maxNumParticles
      value: 1000
      objectReference: {fileID: 0}
    - target: {fileID: 53156834373996605, guid: 6007bc9a346bcb143ad7e39b1cc7fe2b,
        type: 3}
      propertyPath: SizeModule.curve.scalar
      value: 1
      objectReference: {fileID: 0}
    - target: {fileID: 53156834373996605, guid: 6007bc9a346bcb143ad7e39b1cc7fe2b,
        type: 3}
      propertyPath: InitialModule.startColor.minColor.g
      value: 0.709008
      objectReference: {fileID: 0}
    - target: {fileID: 53156834373996605, guid: 6007bc9a346bcb143ad7e39b1cc7fe2b,
        type: 3}
      propertyPath: InitialModule.startColor.minColor.b
      value: 0.2352941
      objectReference: {fileID: 0}
    - target: {fileID: 53156834387724637, guid: 6007bc9a346bcb143ad7e39b1cc7fe2b,
        type: 3}
      propertyPath: m_Layer
      value: 12
      objectReference: {fileID: 0}
    - target: {fileID: 53156834388153725, guid: 6007bc9a346bcb143ad7e39b1cc7fe2b,
        type: 3}
      propertyPath: m_LocalScale.x
      value: 0
      objectReference: {fileID: 0}
    - target: {fileID: 53156834388153725, guid: 6007bc9a346bcb143ad7e39b1cc7fe2b,
        type: 3}
      propertyPath: m_LocalScale.z
      value: 0
      objectReference: {fileID: 0}
    - target: {fileID: 5000779271022346483, guid: 6007bc9a346bcb143ad7e39b1cc7fe2b,
        type: 3}
      propertyPath: m_LocalPosition.x
      value: 0
      objectReference: {fileID: 0}
    - target: {fileID: 5000779271022346483, guid: 6007bc9a346bcb143ad7e39b1cc7fe2b,
        type: 3}
      propertyPath: m_LocalPosition.y
      value: 0
      objectReference: {fileID: 0}
    - target: {fileID: 5000779271022346483, guid: 6007bc9a346bcb143ad7e39b1cc7fe2b,
        type: 3}
      propertyPath: m_LocalPosition.z
      value: 0
      objectReference: {fileID: 0}
    - target: {fileID: 5000779271022346483, guid: 6007bc9a346bcb143ad7e39b1cc7fe2b,
        type: 3}
      propertyPath: m_LocalRotation.x
      value: 0
      objectReference: {fileID: 0}
    - target: {fileID: 5000779271022346483, guid: 6007bc9a346bcb143ad7e39b1cc7fe2b,
        type: 3}
      propertyPath: m_LocalRotation.y
      value: 0
      objectReference: {fileID: 0}
    - target: {fileID: 5000779271022346483, guid: 6007bc9a346bcb143ad7e39b1cc7fe2b,
        type: 3}
      propertyPath: m_LocalRotation.z
      value: 0
      objectReference: {fileID: 0}
    - target: {fileID: 5000779271022346483, guid: 6007bc9a346bcb143ad7e39b1cc7fe2b,
        type: 3}
      propertyPath: m_LocalRotation.w
      value: 1
      objectReference: {fileID: 0}
    - target: {fileID: 5000779271022346483, guid: 6007bc9a346bcb143ad7e39b1cc7fe2b,
        type: 3}
      propertyPath: m_RootOrder
      value: 0
      objectReference: {fileID: 0}
    - target: {fileID: 5000779271022346483, guid: 6007bc9a346bcb143ad7e39b1cc7fe2b,
        type: 3}
      propertyPath: m_LocalEulerAnglesHint.x
      value: 0
      objectReference: {fileID: 0}
    - target: {fileID: 5000779271022346483, guid: 6007bc9a346bcb143ad7e39b1cc7fe2b,
        type: 3}
      propertyPath: m_LocalEulerAnglesHint.y
      value: 0
      objectReference: {fileID: 0}
    - target: {fileID: 5000779271022346483, guid: 6007bc9a346bcb143ad7e39b1cc7fe2b,
        type: 3}
      propertyPath: m_LocalEulerAnglesHint.z
      value: 0
      objectReference: {fileID: 0}
    - target: {fileID: 5001053772991332725, guid: 6007bc9a346bcb143ad7e39b1cc7fe2b,
        type: 3}
      propertyPath: m_LocalScale.x
      value: 0
      objectReference: {fileID: 0}
    - target: {fileID: 5001053772991332725, guid: 6007bc9a346bcb143ad7e39b1cc7fe2b,
        type: 3}
      propertyPath: m_LocalScale.z
      value: 0
      objectReference: {fileID: 0}
    - target: {fileID: 5004012823272128359, guid: 6007bc9a346bcb143ad7e39b1cc7fe2b,
        type: 3}
      propertyPath: m_Name
      value: AOEImmobilize
      objectReference: {fileID: 0}
    - target: {fileID: 5004012823272128359, guid: 6007bc9a346bcb143ad7e39b1cc7fe2b,
        type: 3}
      propertyPath: m_Layer
      value: 12
      objectReference: {fileID: 0}
    - target: {fileID: 5004606306619479797, guid: 6007bc9a346bcb143ad7e39b1cc7fe2b,
        type: 3}
      propertyPath: m_Layer
      value: 12
      objectReference: {fileID: 0}
    - target: {fileID: 5167180009178173323, guid: 6007bc9a346bcb143ad7e39b1cc7fe2b,
        type: 3}
      propertyPath: playOnAwake
      value: 0
      objectReference: {fileID: 0}
    - target: {fileID: 5167180009178173323, guid: 6007bc9a346bcb143ad7e39b1cc7fe2b,
        type: 3}
      propertyPath: InitialModule.startColor.maxColor.r
      value: 1
      objectReference: {fileID: 0}
    - target: {fileID: 5167180009178173323, guid: 6007bc9a346bcb143ad7e39b1cc7fe2b,
        type: 3}
      propertyPath: InitialModule.startColor.maxColor.g
      value: 0.53243935
      objectReference: {fileID: 0}
    - target: {fileID: 5167180009178173323, guid: 6007bc9a346bcb143ad7e39b1cc7fe2b,
        type: 3}
      propertyPath: InitialModule.startColor.maxColor.b
      value: 0.36320752
      objectReference: {fileID: 0}
    - target: {fileID: 5167180009178173323, guid: 6007bc9a346bcb143ad7e39b1cc7fe2b,
        type: 3}
      propertyPath: ColorModule.gradient.maxGradient.key0.r
      value: 1
      objectReference: {fileID: 0}
    - target: {fileID: 5167180009178173323, guid: 6007bc9a346bcb143ad7e39b1cc7fe2b,
        type: 3}
      propertyPath: ColorModule.gradient.maxGradient.key0.g
      value: 0.633108
      objectReference: {fileID: 0}
    - target: {fileID: 5167180009178173323, guid: 6007bc9a346bcb143ad7e39b1cc7fe2b,
        type: 3}
      propertyPath: ColorModule.gradient.maxGradient.key0.b
      value: 0.07843137
      objectReference: {fileID: 0}
    - target: {fileID: 5167180009178173323, guid: 6007bc9a346bcb143ad7e39b1cc7fe2b,
        type: 3}
      propertyPath: ColorModule.gradient.maxGradient.key1.r
      value: 1
      objectReference: {fileID: 0}
    - target: {fileID: 5167180009178173323, guid: 6007bc9a346bcb143ad7e39b1cc7fe2b,
        type: 3}
      propertyPath: ColorModule.gradient.maxGradient.key1.g
      value: 0.57850754
      objectReference: {fileID: 0}
    - target: {fileID: 5167180009178173323, guid: 6007bc9a346bcb143ad7e39b1cc7fe2b,
        type: 3}
      propertyPath: ColorModule.gradient.maxGradient.key1.b
      value: 0.2971698
      objectReference: {fileID: 0}
    - target: {fileID: 5167180009178173323, guid: 6007bc9a346bcb143ad7e39b1cc7fe2b,
        type: 3}
      propertyPath: ColorModule.gradient.maxGradient.atime0
      value: 26600
      objectReference: {fileID: 0}
    - target: {fileID: 5167180009178173323, guid: 6007bc9a346bcb143ad7e39b1cc7fe2b,
        type: 3}
      propertyPath: ColorModule.gradient.maxGradient.key0.a
      value: 1
      objectReference: {fileID: 0}
    - target: {fileID: 5167180009178173323, guid: 6007bc9a346bcb143ad7e39b1cc7fe2b,
        type: 3}
      propertyPath: ColorModule.gradient.maxGradient.atime1
      value: 65535
      objectReference: {fileID: 0}
    - target: {fileID: 5167180009178173323, guid: 6007bc9a346bcb143ad7e39b1cc7fe2b,
        type: 3}
      propertyPath: LightsModule.enabled
      value: 0
      objectReference: {fileID: 0}
    - target: {fileID: 5167180009178173323, guid: 6007bc9a346bcb143ad7e39b1cc7fe2b,
        type: 3}
      propertyPath: SubModule.enabled
      value: 0
      objectReference: {fileID: 0}
    - target: {fileID: 5167180009178173323, guid: 6007bc9a346bcb143ad7e39b1cc7fe2b,
        type: 3}
      propertyPath: RotationModule.enabled
      value: 0
      objectReference: {fileID: 0}
    - target: {fileID: 5167180009178173323, guid: 6007bc9a346bcb143ad7e39b1cc7fe2b,
        type: 3}
      propertyPath: ExternalForcesModule.enabled
      value: 0
      objectReference: {fileID: 0}
    - target: {fileID: 5167180009178173323, guid: 6007bc9a346bcb143ad7e39b1cc7fe2b,
        type: 3}
      propertyPath: RotationModule.separateAxes
      value: 1
      objectReference: {fileID: 0}
    m_RemovedComponents: []
  m_SourcePrefab: {fileID: 100100000, guid: 6007bc9a346bcb143ad7e39b1cc7fe2b, type: 3}
--- !u!4 &3480659636592557909 stripped
Transform:
  m_CorrespondingSourceObject: {fileID: 5000779271022346483, guid: 6007bc9a346bcb143ad7e39b1cc7fe2b,
    type: 3}
  m_PrefabInstance: {fileID: 8443017023500271526}
  m_PrefabAsset: {fileID: 0}
--- !u!198 &8473319168994717595 stripped
ParticleSystem:
  m_CorrespondingSourceObject: {fileID: 53156834373996605, guid: 6007bc9a346bcb143ad7e39b1cc7fe2b,
    type: 3}
  m_PrefabInstance: {fileID: 8443017023500271526}
  m_PrefabAsset: {fileID: 0}
--- !u!198 &3647385633168535597 stripped
ParticleSystem:
  m_CorrespondingSourceObject: {fileID: 5167180009178173323, guid: 6007bc9a346bcb143ad7e39b1cc7fe2b,
    type: 3}
  m_PrefabInstance: {fileID: 8443017023500271526}
  m_PrefabAsset: {fileID: 0}
